 Dungeon Crawl Stone Soup version 0.30-b1-2-g02819fbbbe (webtiles) character file.

Game seed: 4515460233690637946

111842 Dirian the Executioner (level 16, -11/152 HPs)
             Began as a Minotaur Berserker on May 15, 2023.
             Was a High Priest of Trog.
             Blown up by an orb spider (44 damage)
             ... with an orb of destruction
             ... on level 1 of the Spider Nest.
             The game lasted 00:39:23 (28922 turns).

Dirian the Executioner (Minotaur Berserker)        Turns: 28922, Time: 00:39:24

Health: -11/152    AC: 25    Str: 29    XL:     16   Next: 10%
Magic:  2/5        EV:  9    Int:  4    God:    Trog [*****.]
Gold:   2911       SH:  5    Dex: 11    Spells: 15/15 levels left

rFire   . . .        a - +2 executioner's axe (antimagic)
rCold   . . .        (shield currently unavailable)
rNeg    . . .        C - +0 plate armour
rPois   +            D - +1 hat
rElec   .            y - +0 cloak
rCorr   .            l - +0 pair of gloves
SInv    +            m - +2 pair of boots
Will    +....        F - amulet of reflection Stlth
                     E - ring of poison resistance
HPRegen 0.45/turn    B - ring of see invisible
MPRegen 0.09/turn

%: reflection
@: on berserk cooldown, slowed, studying Shields, very slow
A: horns 2, retaliatory headbutt
a: Renounce Religion, Berserk, Trog's Hand, Brothers in Arms


You were on level 1 of the Spider Nest.
You worshipped Trog.
Trog was extremely pleased with you.
You visited 4 branches of the dungeon, and saw 23 of its levels.
You also visited: Ice Cave.

You collected 4285 gold pieces.
You spent 1374 gold pieces at shops.

Inventory:

Hand Weapons
 a - a +2 antimagic executioner's axe (weapon)
 b - a +6 battleaxe of flaming
 U - a +0 broad axe
Missiles
 s - 9 boomerangs (quivered)
 A - 5 javelins
 P - 3 throwing nets
Armour
 l - a +0 pair of gloves (worn)
 m - a +2 pair of boots (worn)
 y - a +0 cloak (worn)
 C - a +0 plate armour (worn)
 D - a +1 hat (worn)
 S - a +2 chain mail of fire resistance
 W - a +2 kite shield of cold resistance
Jewellery
 B - a ring of see invisible (right hand)
 E - a ring of poison resistance (left hand)
 F - an amulet of reflection (around neck)
 V - a ring of flight
 Y - a ring of resist corrosion
Wands
 i - a wand of polymorph (7)
 o - a wand of iceblast (26)
 v - a wand of digging (4)
 K - a wand of paralysis (12)
 R - a wand of flame (29)
 T - a wand of acid (14)
 Z - a wand of mindburst (7)
Scrolls
 f - 4 scrolls of enchant armour
 g - a scroll of summoning
 t - 16 scrolls of teleportation
 u - 3 scrolls of immolation
 z - 3 scrolls of blinking
 G - a scroll of magic mapping
 H - 5 scrolls of fog
 O - 5 scrolls of enchant weapon
 Q - 4 scrolls of fear
 X - a scroll of silence
Potions
 c - 5 potions of flight
 d - 6 potions of might
 e - 5 potions of ambrosia
 h - 9 potions of haste
 j - 2 potions of magic
 k - a potion of invisibility
 n - 2 potions of resistance
 p - a potion of berserk rage
 q - 16 potions of curing
 w - a potion of heal wounds
 I - 3 potions of mutation
 L - 2 potions of lignification
 M - 4 potions of cancellation
 N - 3 potions of attraction
Miscellaneous
 J - a phial of floods


   Skills:
 + Level 16.7 Fighting
 + Level 22.3 Axes
 + Level 15.8 Armour
 - Level 2.1 Dodging
 - Level 5.0 Shields
 * Level 10.8 Evocations


You had 15 spell levels left.
You didn't know any spells.
Your spell library was empty.

Dungeon Overview and Level Annotations

Branches:
Dungeon (15/15) Zot: 25246  Temple (0/1) D:5            Lair (5/5) D:11 Zot: 21859
 Shoals (0/4) Lair:2       Spider (1/4) Lair:3 Zot: 5377   Slime (0/5) Lair:5
    Orc (2/2) D:9 Zot: 10607     Elf (0/3) Orc:2        Vaults (0/5) D:14
 Depths (0/4) D:15          IceCv (visited)

Altars:
Ashenzari
Elyvilon
Kikubaaqudgha
Nemelex Xobeh
Ru
Trog
Vehumet
Wu Jian
Xom
Yredelemnul
Zin
The Shining One
Jiyva

Shops:
D:1 [   D:13 *:[!=   Orc:1 *   Orc:2 !*([

Portals:
Trove: D:10 (give 2 scrolls of acquirement)


Innate Abilities, Weirdness & Mutations

You have a pair of horns on your head.
You reflexively headbutt those who attack you in melee.


Message History

You see here a culicivora corpse.
You see here a jumping spider corpse.
The orb spider weaves a glowing orb of energy.
An orb of destruction comes into view.
The orb of destruction moves out of view.
There is a crawl-hole back to the Lair, spattered with blood here.
The sun moth throws energy at you. The bolt of energy hits you!!
The sun moth throws sticky fire at you. The sticky flame hits you!
You are covered in liquid flames!
The sun moth throws sticky fire at you.
The sticky flame hits you but does no damage.
You are covered in liquid flames!
You are covered in liquid flames!
The sun moth bites you but does no damage.
You barely miss the sun moth. You headbutt the sun moth!
The sun moth is almost dead.
You are covered in liquid flames!
* * * LOW HITPOINT WARNING * * *
The sun moth bites you but does no damage.
You block the redback's attack.
You chop the sun moth into pieces!!!
You kill the sun moth!
Trog accepts your kill.
You slice the redback!!
You are covered in liquid flames!
* * * LOW HITPOINT WARNING * * *
You are no longer on fire.
The redback bites you but does no damage.
The orb spider spins a strand of pure energy.
The redback bites you but does no damage.
You hit the redback. Your headbutt misses the redback.
The redback is almost dead.
The redback barely misses you.
The orb spider weaves a glowing orb of energy.
An orb of destruction comes into view.
The redback bites you but does no damage.
The orb of destruction hits you!!!
You die...

............#.#..........
.##^...#./!...^........#.
#.....#...y#....#..#....
......^....#..#...#.... .
.......#...#........###..
..........#.#†s..$....#.
#.....†...†.†.○)........
...#........#○s...#.....
#.....^.....#@.#...≈~≈~~
...####....##.)~#.##≈#≈#
.. #...#~~.#~### # # .
......≈≈≈### ..#....~≈##
#~#...~### #...≈# #####


You could see an orb spider and a redback.

Vanquished Creatures
  Rupert (Lair:5)
  A ghost moth (Spider:1)
  A reaper (IceCv)
  A fire dragon (Lair:5)
  2 vault guards (D:14)
  7 hydras
  An ogre mage (D:15)
  An entropy weaver (shapeshifter) (D:14)
  A catoblepas (Lair:2)
  9 centaur warriors
  A jorogumo (Spider:1)
  6 two-headed ogres
  10 death yaks (Lair:5)
  6 boulder beetles
  Sonja (Lair:3)
  A pharaoh ant (Spider:1)
  Amaemon (Lair:3)
  A skyshark (Lair:5)
  Lodul (D:11)
  5 skeletal warriors (D:15)
  A sun moth (Spider:1)
  3 wizards
  2 orc knights
  A lindwurm (Lair:5)
  A deep elf zephyrmancer (D:15)
  A necromancer (D:15)
  2 deep elf pyromancers
  13 ugly things
  An orc sorcerer (D:15)
  5 wolf spiders
  2 cyclopes
  A moth of wrath (Spider:1)
  7 black mambas
  A guardian serpent (Lair:5)
  An ice statue (IceCv)
  5 elephants (Lair:4)
  2 gargoyles
  3 unseen horrors
  4 torpor snails (Lair:5)
  An orange demon (Lair:3)
  5 rime drakes
  15 cane toads
  12 komodo dragons
  A freezing wraith (IceCv)
  2 ice devils (Lair:1)
  3 anaconda simulacra (IceCv)
  A kobold demonologist (D:11)
  A tengu conjurer (D:15)
  6 meliai
  9 trolls
  4 red devils (D:12)
  5 polar bears
  A wolf spider simulacrum (D:15)
  Prince Ribbit (D:5)
  4 tyrant leeches (Lair:5)
  3 blink frogs (Lair:1)
  13 hornets
  3 tarantellas (Spider:1)
  7 dream sheep (Lair:4)
  7 culicivoras (Spider:1)
  A shadow (D:13)
  23 slime creatures
  Sigmund (D:3)
  2 wraiths
  A dire elephant simulacrum (IceCv)
  40 yaks
  7 jumping spiders (Spider:1)
  14 wyverns
  20 humans (D:14)
  A basilisk (Lair:4)
  A death yak simulacrum (IceCv)
  6 vampire mosquitoes
  4 steam dragons
  10 redbacks
  Menkaure (D:7)
  A harpy simulacrum (IceCv)
  A hydra simulacrum (IceCv)
  17 water moccasins
  3 ice beasts
  4 sky beasts
  34 orc warriors
  2 black bears
  16 ogres
  2 hornet zombies (D:15)
  26 centaurs
  A phantom (D:4)
  8 kobold brigands
  10 bullfrogs
  5 two-headed ogre simulacra (IceCv)
  A cane toad simulacrum (IceCv)
  A scorpion (D:6)
  4 wights
  7 killer bees
  2 howler monkeys (D:13)
  2 vampire bats (Lair:3)
  11 electric eels
  5 lava snakes
  6 hounds
  Crazy Yiuf (D:7)
  4 orc priests
  6 jellies
  3 iguanas (D:4)
  18 orc wizards
  5 sleepcaps (D:5)
  Ijyb (D:3)
  4 troll simulacra (IceCv)
  A polar bear simulacrum (IceCv)
  8 spriggan simulacra (IceCv)
  A boggart skeleton (D:15)
  4 wolf simulacra (IceCv)
  18 gnolls
  9 adders
  5 naga simulacra (IceCv)
  2 shadow imps
  6 white imps
  8 ufetubi
  A worm (D:3)
  A dart slug (D:1)
  51 orcs
  5 endoplasms
  3 giant cockroaches
  16 goblins
  4 hobgoblins
  5 jackals
  4 quokkas
  6 ball pythons
  8 bats
  5 frilled lizards
  20 kobolds
  3 rats
  A fire vortex (Lair:4)
756 creatures vanquished.

Vanquished Creatures (others)
  2 wizards
  A centaur zombie (D:15)
  A bush (Lair:5)
  27 fungi
  79 plants
110 creatures vanquished.

Grand Total: 866 creatures vanquished

Notes
Turn   | Place    | Note
-------+----------+-------------------------------------------
     0 | D:1      | Dirian the Minotaur Berserker began the quest for the Orb.
     0 | D:1      | Reached XP level 1. HP: 19/19 MP: 0/0
   107 | D:1      | Reached skill level 4 in Axes
   107 | D:1      | Reached XP level 2. HP: 26/27 MP: 1/1
   310 | D:1      | Found Ipnuptu's Armour Shop.
   595 | D:1      | Reached ** piety under Trog
   754 | D:2      | Reached XP level 3. HP: 33/33 MP: 2/2
  1079 | D:2      | Reached XP level 4. HP: 41/41 MP: 3/3
  1278 | D:3      | Noticed Ijyb
  1292 | D:3      | Killed Ijyb
  1293 | D:3      | Reached skill level 5 in Axes
  1515 | D:3      | Found a white marble altar of Elyvilon.
  1630 | D:3      | Reached XP level 5. HP: 36/47 MP: 4/4
  1817 | D:3      | Noticed Sigmund
  1822 | D:3      | Killed Sigmund
  1823 | D:3      | Reached skill level 5 in Fighting
  1823 | D:3      | Reached skill level 6 in Axes
  1823 | D:3      | Reached XP level 6. HP: 56/56 MP: 5/5
  2205 | D:3      | Identified a scroll of acquirement
  2205 | D:3      | Acquired 1152 gold pieces
  2263 | D:1      | Bought a +2 chain mail of fire resistance for 258 gold
                  | pieces
  2306 | D:4      | Noticed a steam dragon
  2313 | D:4      | Killed a steam dragon
  2314 | D:4      | Reached skill level 5 in Armour
  2434 | D:4      | Reached skill level 7 in Axes
  2638 | D:4      | Reached XP level 7. HP: 57/61 MP: 6/6
  3089 | D:4      | Reached *** piety under Trog
  3090 | D:4      | Reached skill level 8 in Axes
  3511 | D:5      | Entered Level 5 of the Dungeon
  3677 | D:5      | Noticed a hornet
  3689 | D:5      | Killed a hornet
  3690 | D:5      | Reached skill level 9 in Axes
  3690 | D:5      | Reached XP level 8. HP: 70/70 MP: 7/7
  3720 | D:5      | Noticed Prince Ribbit
  3742 | D:5      | Killed Prince Ribbit
  3997 | D:5      | Found a staircase to the Ecumenical Temple.
  4007 | D:5      | Reached skill level 10 in Axes
  4267 | D:5      | Found a radiant altar of Vehumet.
  4524 | D:6      | Reached **** piety under Trog
  4662 | D:6      | Reached XP level 9. HP: 60/79 MP: 8/8
  4667 | D:6      | Reached skill level 11 in Axes
  4990 | D:6      | Found an ancient bone altar of Kikubaaqudgha.
  5383 | D:7      | Paralysed by a hornet for 2 turns
  5390 | D:7      | Reached skill level 12 in Axes
  5543 | D:7      | Noticed Menkaure
  5551 | D:7      | Killed Menkaure
  5903 | D:7      | Reached skill level 13 in Axes
  5908 | D:7      | Reached XP level 10. HP: 57/90 MP: 9/9
  6297 | D:7      | Found a sacrificial altar of Ru.
  6360 | D:7      | Found a runed translucent door.
  6361 | D:7      | Noticed Crazy Yiuf
  6609 | D:7      | Killed Crazy Yiuf
  6885 | D:8      | Reached skill level 1 in Evocations
  7181 | D:8      | Noticed a two-headed ogre
  7189 | D:8      | Killed a two-headed ogre
  7190 | D:8      | Reached skill level 10 in Armour
  7507 | D:8      | Reached skill level 14 in Axes
  7738 | D:8      | Noticed a two-headed ogre
  7752 | D:8      | Killed a two-headed ogre
  7753 | D:8      | Reached skill level 10 in Fighting
  7753 | D:8      | Reached XP level 11. HP: 72/99 MP: 10/10
  8078 | D:9      | Found a staircase to the Orcish Mines.
  8251 | D:9      | Found a bloodstained altar of Trog.
  8252 | D:9      | Noticed a wizard
  8257 | D:9      | Killed a wizard
  8287 | D:9      | Found a basalt altar of Yredelemnul.
  8508 | D:10     | Entered Level 10 of the Dungeon
  8733 | D:10     | Noticed a two-headed ogre
  8740 | D:10     | Killed a two-headed ogre
  9267 | D:10     | Reached ***** piety under Trog
  9342 | D:10     | Found a shimmering altar of Xom.
  9343 | D:10     | Found a glowing golden altar of the Shining One.
  9351 | D:10     | Reached skill level 15 in Axes
  9541 | D:10     | Found a portal to a secret trove of treasure.
  9567 | D:10     | Found an ornate altar of the Wu Jian Council.
  9567 | D:10     | Found a broken altar of Ashenzari.
  9660 | D:10     | Found a sparkling altar of Nemelex Xobeh.
  9886 | D:11     | Found a staircase to the Lair.
 10435 | D:11     | Noticed Lodul
 10439 | D:11     | Reached skill level 1 in Shields
 10449 | D:11     | Killed Lodul
 10618 | D:11     | Reached skill level 5 in Evocations
 11471 | D:12     | Reached XP level 12. HP: 109/110 MP: 11/11
 11654 | D:12     | Noticed a boulder beetle
 11663 | D:12     | Killed a boulder beetle
 11664 | D:12     | Reached skill level 16 in Axes
 12556 | D:12     | Identified the +6 spear of Zexzop {vamp, Fragile Dex+3
                  | SInv}
 12754 | D:13     | Found a glowing silver altar of Zin.
 12880 | D:13     | Noticed a centaur warrior
 12884 | D:13     | Noticed a boulder beetle
 12889 | D:13     | Killed a centaur warrior
 12894 | D:13     | Noticed a centaur warrior
 12901 | D:13     | Killed a centaur warrior
 12902 | D:13     | Reached skill level 17 in Axes
 12902 | D:13     | Killed a boulder beetle
 13014 | D:13     | Noticed a centaur warrior
 13023 | D:13     | Killed a centaur warrior
 13139 | D:13     | Found Rehekan's Jewellery Boutique.
 13146 | D:13     | Noticed a centaur warrior
 13154 | D:13     | Killed a centaur warrior
 13479 | D:13     | Found Las Mitasm's Antique Armour Boutique.
 13484 | D:13     | Found Lotsick's Book Emporium.
 13508 | D:13     | Found Synerchui's General Store.
 13539 | D:13     | Bought a scroll of teleportation for 48 gold pieces
 13539 | D:13     | Bought a +0 broad axe for 64 gold pieces
 13544 | D:13     | Noticed a four-headed hydra
 13554 | D:13     | Killed a four-headed hydra
 13554 | D:13     | Identified the +8 triple sword of Cynicism {heavy, rElec
                  | rCorr} (Trog gifted it to you on level 13 of the Dungeon)
 13554 | D:13     | Received a gift from Trog
 13663 | D:13     | Found Zodekat's Distillery.
 13669 | D:13     | Bought a potion of curing for 42 gold pieces
 13669 | D:13     | Bought 2 potions of might for 112 gold pieces
 13669 | D:13     | Bought a potion of haste for 140 gold pieces
 13669 | D:13     | Bought a potion of cancellation for 112 gold pieces
 13669 | D:13     | Bought a potion of curing for 42 gold pieces
 13669 | D:13     | Bought a potion of curing for 42 gold pieces
 13669 | D:13     | Bought a potion of might for 56 gold pieces
 13669 | D:13     | Bought a potion of haste for 140 gold pieces
 13669 | D:13     | Bought a potion of curing for 42 gold pieces
 13841 | D:14     | Noticed a four-headed hydra
 13849 | D:14     | Killed a four-headed hydra
 13950 | D:14     | Noticed a centaur warrior
 13952 | D:14     | Noticed a centaur warrior
 13956 | D:14     | Killed a centaur warrior
 13957 | D:14     | Reached XP level 13. HP: 90/119 MP: 12/12
 14329 | D:14     | Reached skill level 18 in Axes
 14348 | D:14     | Reached skill level 5 in Shields
 14601 | D:14     | Identified the +6 dagger "Zuggawei" {heavy, Int+4}
 15040 | D:14     | Found a gate to the Vaults.
 15169 | D:14     | Found a white marble altar of Elyvilon.
 15517 | D:15     | Entered Level 15 of the Dungeon
 15739 | D:15     | Reached skill level 19 in Axes
 15745 | D:15     | Found a basalt altar of Yredelemnul.
 15748 | D:15     | Received a gift from Trog
 16057 | D:15     | Reached XP level 14. HP: 124/130 MP: 13/13
 16544 | D:15     | Found a staircase to the Depths.
 17139 | Lair:1   | Entered Level 1 of the Lair of Beasts
 17360 | Lair:1   | Found a frozen archway.
 17378 | Lair:1   | Reached skill level 20 in Axes
 17383 | IceCv    | Entered an ice cave
 18199 | IceCv    | Noticed a reaper
 18216 | IceCv    | Killed a reaper
 20332 | Lair:2   | Found a staircase to the Shoals.
 20956 | Lair:3   | Noticed Amaemon
 20969 | Lair:3   | Killed Amaemon
 21096 | Lair:3   | Found a hole to the Spider Nest.
 21408 | Lair:3   | Noticed Sonja
 21424 | Lair:3   | Killed Sonja
 21425 | Lair:3   | Reached skill level 15 in Fighting
 21561 | Lair:3   | Received a gift from Trog
 22432 | Lair:4   | Reached XP level 15. HP: 27/141 MP: 4/14
 22438 | Lair:4   | HP: 4/141 [yak (12)]
 23130 | Lair:5   | Entered Level 5 of the Lair of Beasts
 23312 | Lair:5   | Reached skill level 15 in Armour
 23513 | Lair:5   | Noticed Rupert
 23523 | Lair:5   | Killed Rupert
 23524 | Lair:5   | Reached skill level 21 in Axes
 24100 | Lair:5   | Received a gift from Trog
 24101 | Lair:5   | Reached skill level 10 in Evocations
 24492 | Lair:5   | Found a staircase to the Slime Pits.
 24493 | Lair:5   | Found a viscous altar of Jiyva.
 25787 | Lair:5   | Found a runed translucent door.
 26746 | Orc:1    | Entered Level 1 of the Orcish Mines
 26785 | Orc:1    | Found Boqoe's Assorted Antiques.
 27031 | Orc:2    | Entered Level 2 of the Orcish Mines
 27205 | Orc:2    | Found a staircase to the Elven Halls.
 27276 | Orc:2    | Reached ****** piety under Trog
 27276 | Orc:2    | Received a gift from Trog
 27538 | Orc:2    | Reached skill level 22 in Axes
 27625 | Orc:2    | Found a radiant altar of Vehumet.
 27998 | Orc:2    | Found Omof's Weapon Emporium.
 27998 | Orc:2    | Found Nusaicih's General Store.
 28000 | Orc:2    | Found Teclod's Distillery.
 28002 | Orc:2    | Found Uwytadgh's Armour Shoppe.
 28009 | Orc:2    | Bought a potion of cancellation for 96 gold pieces
 28009 | Orc:2    | Bought a potion of resistance for 120 gold pieces
 28009 | Orc:2    | Bought a potion of heal wounds for 60 gold pieces
 28295 | Spider:1 | Entered Level 1 of the Spider Nest
 28501 | Spider:1 | Reached XP level 16. HP: 87/152 MP: 5/15
 28922 | Spider:1 | Blown up by an orb spider

Illustrated notes

Levels and vault maps discovered:
D:1:      saegor_arrival_miasma, layout_loops_cross, serial_shops,
          nicolae_shop_crystal, hangedman_feature_mirror
D:2:      layout_rooms, hangedman_abyss_or_decor_stabs, corexii_leaking_fountain
D:3:      kennysheep_goblin_castle, layout_basic, mainiacjoe_overflow_catwalk,
          serial_corexii_hall, corexii_hall_statues_l,
          chequers_hall_statues_wall_a, amcnicky_mini_rare_corridor_liquid,
          kennysheep_nub, uniq_sigmund
D:4:      kb_forest_paths, layout_basic, lexackson_kobold_supper
D:5:      minmay_evil_eye, layout_cave_pools, lemuel_doored_altar,
          minmay_temple_entry_tees, serial_park, serial_park_tiny_pond,
          serial_park_square2, serial_park_tiny_1, serial_park_tiny_1,
          serial_park_tiny_2, hellmonk_no_cap, uniq_ijyb, uniq_prince_ribbit1
D:6:      layout_basic, mainiacjoe_overflow_boulevard, minmay_manual_mares
D:7:      layout_basic, mainiacjoe_overflow_tiny_flanked, minmay_misc_feat_x,
          chequers_serial_rivers_small_a, minmay_quadrilaterals, uniq_menkaure,
          uniq_crazy_yiuf_cottage
D:8:      hangedman_cross_stitches, layout_rooms, nicolae_lava_and_water
D:9:      layout_long_grid, mainiacjoe_overflow_small_starburst, trog_wizard,
          orc_0_dummy
D:10:     layout_basic, kennysheep_little_box, gammafunk_temple_overflow_statue,
          nicolae_overflow_squiral, nicolae_trove_entry_free_sample
D:11:     layout_basic, david_lair_shrubbed, uniq_lodul
D:12:     layout_irregular_city, einodemon_armed_red_devil_minivault
D:13:     layout_irregular_city, serial_shops, nicolae_shop_trees, shop, shop,
          nicolae_book_shop_shelving, shop_coins, zin_statuary
D:14:     layout_stronghold, grunt_vaults_entry_tiered, elyvilon_altar_4
D:15:     grunt_enter_depths_magical_seal, layout_cave_pods,
          yredelemnul_altar_generic
Lair:1:   layout_layer_cave, portal_ice_cave_demonic_guard, serial_bayou_shore_b
Lair:2:   layout_gridlike, shoals_dummy_entry
Lair:3:   layout_cave_pods, dummy_spider_entry, roderic_batcave,
          grunt_forest_stairs_basic, uniq_sonja, uniq_amaemon
Lair:4:   layout_gridlike, lemuel_fruit_tree
Lair:5:   hangedman_lair_tendril_chambers, layout_cave_pods, wormcave,
          slime_entry_1, st_stairs_12, nicolae_lair_liquid_snakes, uniq_rupert
Spider:1: layout_spider_delve, gammafunk_ghost_grave
Orc:1:    layout_diamond_mine, serial_shops, shop
Orc:2:    st_orc_rangers, layout_caves, basic_altar

Skill      XL: |  1  2  3  4  5  6  7  8  9 10 11 12 13 14 15 |
---------------+----------------------------------------------+-----
Axes           | 4 5 6 7 9 10 13 14 15 17 19 20 22 | 22.3
Fighting       | 4 5 6 7 8 10 11 12 13 15 16 | 16.7
Armour         | 3 4 5 6 7 9 10 12 13 14 15 | 15.8
Evocations     | 3 5 6 8 9 10 | 10.8
Shields        | 2 4 5 |  5.0
Dodging        | |  2.1

Action                     |  1- 3 |  4- 6 |  7- 9 | 10-12 | 13-15 | 16-18 || total
---------------------------+-------+-------+-------+-------+-------+-------++-------
  Melee: Hand axe          |    60 |    94 |   141 |       |       |       ||   295
         Headbutt          |     6 |    16 |    45 |   107 |   247 |    10 ||   431
         Punch             |     2 |       |     6 |     1 |       |       ||     9
         War axe           |       |       |   141 |   267 |       |       ||   408
         Battleaxe         |       |       |       |   226 |   556 |       ||   782
         Flail             |       |       |       |    10 |       |       ||    10
         Executioner's axe |       |       |       |       |   509 |    52 ||   561
         Morningstar       |       |       |       |       |    22 |       ||    22
  Throw: Stone             |       |       |     1 |       |       |       ||     1
 Invoke: Berserk           |     1 |     3 |     5 |     9 |    12 |     1 ||    31
         Trog's Hand       |       |     1 |     2 |     2 |     6 |       ||    11
  Evoke: Wand              |       |       |       |     4 |       |       ||     4
    Use: Scroll            |       |     8 |     5 |     8 |     7 |       ||    28
         Potion            |       |       |     2 |     2 |     2 |       ||     6
   Stab: Petrified         |       |       |       |       |     6 |       ||     6
 Armour: Animal skin       |     1 |       |       |       |       |       ||     1
         Ring mail         |     9 |    36 |     9 |       |       |       ||    54
         Leather armour    |     4 |       |       |       |       |       ||     4
         Chain mail        |       |       |   167 |   329 |   391 |       ||   887
         Plate armour      |       |       |       |       |   275 |    41 ||   316
  Dodge: Dodged            |    46 |    67 |   152 |   193 |   443 |    12 ||   913
  Block: Other             |       |       |       |    59 |   203 |    11 ||   273
         Reflection        |       |       |       |     8 |    15 |       ||    23
